Wolfpack vs Monsters
Created - January 31, 2022 at 19:42
Goals
|
| Wolfpack |
3 |
2 |
2 |
7 |
| Monsters |
2 |
1 |
2 |
5 |
|
Shots
|
| Wolfpack |
12 |
9 |
12 |
33 |
| Monsters |
12 |
6 |
10 |
28 |
|
1st period
1. Wolfpack , Maxime Sauvé 17 (Dave Dziurzynski 14) at 6:35 (SH)
2. Wolfpack , Seth Griffith 7 (David Pope 4) at 11:23
3. Monsters , Matt Calvert 20 (Christian Hanson 18) at 13:26 (PP)
4. Wolfpack , Stefan Noesen 17 (Dave Dziurzynski 15, Steven Santini 14) at 17:01
5. Monsters , Ondrej Kase 10 (Morgan Rielly 11) at 17:13
Penalties :
Samuel Blais (Har) for Cross-checking (Minor) at 1:24, Ryan Culkin (Har) for Tripping (Minor) at 4:52, Connor Chatam (Har) for Holding (Minor) at 12:37
2nd period
6. Wolfpack , Maxime Sauvé 18 (Stefan Noesen 31) at 0:04
7. Wolfpack , Ryan Dzingel 9 (Sebastian Collberg 12, Ryan Culkin 4) at 7:50
8. Monsters , Richard Nejezchleb 4 (Tarmo Reunanen 5, Victor Mete 3) at 13:04
Penalties :
Matt Grzelcyk (Cle) for Roughing (Minor) at 2:08, Bobby Farnham (Cle) for Hooking (Minor) at 10:52, Matt Grzelcyk (Cle) for Roughing (Minor) at 19:10
3rd period
9. Monsters , Matt Calvert 21 (Ondrej Kase 15) at 2:56
10. Monsters , Christian Hanson 7 (Ondrej Kase 16) at 5:50 (PP)
11. Wolfpack , Dave Dziurzynski 13 (Maxime Sauvé 24, Steven Santini 15) at 6:07
12. Wolfpack , Henrik Samuelsson 11 (Ryan Dzingel 14, Sebastian Collberg 13) at 13:57
Penalties :
Kevin Roy (Har) for Tripping (Minor) at 5:47, Joakim Nordstrom (Cle) for Tripping (Minor) at 8:55, Ryan Culkin (Har) for Holding (Minor) at 9:43
Goalie Stats
Mike Condon (Har), 23 saves from 28 shots - (0.821), W, 7-3-0, 60:00 minutes
Eric Comrie (Cle), 17 saves from 20 shots - (0.850), L, 5-5-1, 39:56 minutes
Phoenix Copley (Cle), 9 saves from 13 shots - (0.692), 20:04 minutes
Players Stats for Wolfpack
Player Name G A P +/- PIM S H SB GA TA FO MP PP MP PK MP
------------------------------------------------------------------------------------
Adam Lowry 0 0 0 0 0 0 0 0 0 0 0/0 1:32 0:00 0:46
Alex Barre-Boulet 0 0 0 0 0 0 0 0 0 0 0/0 0:00 0:00 0:00
Alexander Barabanov 0 0 0 0 0 0 0 0 0 0 0/0 1:39 0:00 0:00
Andrew Peeke 0 0 0 -1 0 0 0 0 0 0 0/0 5:50 0:00 0:00
Colton White 0 0 0 1 0 0 1 0 0 1 0/0 8:31 0:00 0:00
Connor Chatam 0 0 0 0 2 0 1 1 0 0 1/1 12:29 0:00 0:00
Dave Dziurzynski 1 2 3 4 0 1 0 3 0 0 0/1 22:31 3:32 3:11
David Pope 0 1 1 0 0 3 1 0 0 1 0/0 12:52 0:00 0:22
Dryden Hunt 0 0 0 0 0 0 0 0 0 0 0/0 1:05 0:00 0:00
Henrik Samuelsson 1 0 1 1 0 6 2 0 4 3 5/11 18:57 3:13 1:52
Jake Marchment 0 0 0 0 0 0 0 0 0 0 0/0 0:00 0:00 0:00
Joel Kiviranta 0 0 0 0 0 0 0 0 0 0 0/0 0:00 0:00 0:00
Joshua Jacobs 0 0 0 1 0 1 0 1 0 0 0/0 9:39 0:00 1:12
Kevin Roy 0 0 0 -1 2 0 0 0 0 0 0/1 4:19 0:00 0:00
Maxime Sauvé 2 1 3 3 0 5 2 3 0 0 14/37 26:23 3:32 3:13
Mikhail Sergachev 0 0 0 0 0 2 1 3 0 0 0/0 18:56 2:51 2:15
Ryan Culkin 0 1 1 0 4 2 0 0 0 1 0/0 17:24 2:50 1:03
Ryan Dzingel 1 1 2 1 0 1 3 0 0 0 0/0 17:05 3:13 0:00
Samuel Blais 0 0 0 -1 2 1 0 0 0 0 0/0 4:19 0:00 0:00
Sebastian Collberg 0 2 2 1 0 0 2 0 0 0 2/2 17:05 3:13 0:00
Seth Griffith 1 0 1 0 0 3 1 0 2 0 5/8 12:27 0:00 0:00
Stefan Noesen 1 1 2 3 0 6 0 0 1 0 1/3 19:57 3:32 1:52
Steven Santini 0 2 2 4 0 0 3 2 0 1 0/0 27:08 3:54 3:23
Vince Dunn 0 0 0 4 0 1 5 0 0 3 0/0 27:08 3:54 3:23
Will Borgen 0 0 0 -1 0 1 0 1 0 0 0/0 5:50 0:00 0:00
Players Stats for Monsters
Player Name G A P +/- PIM S H SB GA TA FO MP PP MP PK MP
------------------------------------------------------------------------------------
Aaron Ness 0 0 0 -2 0 0 1 0 1 1 0/0 27:39 2:54 4:18
Austin Watson 0 0 0 -2 0 0 2 0 0 0 0/1 15:48 2:12 0:48
Bobby Farnham 0 0 0 0 2 0 1 0 1 0 0/0 9:49 0:00 0:00
Cameron Hughes 0 0 0 0 0 0 0 0 0 0 0/0 0:07 0:00 0:07
Christian Hanson 1 1 2 -3 0 8 3 0 0 0 17/32 23:47 3:23 4:22
Dillon Heatherington 0 0 0 -2 0 1 3 0 0 1 0/0 21:18 2:44 2:27
Francis Perron 0 0 0 0 0 0 0 0 0 0 0/0 1:13 0:00 0:48
Jared Knight 0 0 0 -2 0 2 1 0 1 1 7/11 15:00 2:12 0:00
Joakim Nordstrom 0 0 0 0 2 0 2 0 2 0 0/0 9:38 0:01 0:00
Marc Michaelis 0 0 0 1 0 1 1 0 1 1 0/0 8:07 0:00 0:00
Matt Calvert 2 0 2 -3 0 4 4 1 0 0 6/9 23:49 3:25 4:21
Matt Grzelcyk 0 0 0 -2 4 0 1 1 0 1 0/0 19:49 2:44 0:54
Maxim Mamin 0 0 0 1 0 1 0 0 0 0 1/2 8:07 0:00 0:00
Mitch Marner 0 0 0 -2 0 4 2 1 1 0 1/2 16:57 2:10 1:32
Morgan Rielly 0 1 1 -2 0 3 2 2 0 2 0/0 27:39 2:54 4:18
Nathan Noel 0 0 0 0 0 0 0 0 0 0 0/0 0:25 0:00 0:00
Ondrej Kase 1 2 3 -3 0 2 1 0 0 0 4/5 20:35 3:25 1:32
Patrik Laine 0 0 0 0 0 0 0 0 0 0 0/0 0:49 0:06 0:00
Richard Nejezchleb 1 0 1 1 0 1 0 0 1 0 0/0 8:07 0:00 0:00
Ryan Fitzgerald 0 0 0 0 0 1 1 0 0 0 0/2 9:38 0:00 0:00
Tarmo Reunanen 0 1 1 0 0 0 0 0 0 0 0/0 12:36 0:00 1:33
Victor Mete 0 1 1 0 0 0 0 0 2 0 0/0 11:03 0:00 0:00
3 Stars
1 - Maxime Sauvé (Har)
2 - Dave Dziurzynski (Har)
3 - Steven Santini (Har)
Power Play
Wolfpack - 0 on 4 Attempt(s) - 0.00%
Monsters - 2 on 5 Attempt(s) - 40.00%
Penalty Kill
Wolfpack - 3 on 5 Attempt(s) - 60.00%
- Score 1 goal in Penalty Kill
Monsters - 4 on 4 Attempt(s) - 100.00%
- Score 0 goal in Penalty Kill
Team Stat
Wolfpack - Hits : 22 - Faceoff Wins : 28 - Blocked Shots : 14 - Penalty Minutes : 10
Monsters - Hits : 25 - Faceoff Wins : 36 - Blocked Shots : 5 - Penalty Minutes : 8
Official
Referees : Jean Hebert and Dan Kelly
Linesman : Libor Suchanek and Mark Shewchyk
Game Notes
Eric Comrie enters game at 0:04 of 2nd period
Finance
Level 1 -- Attendance: 1867 (93.35%) -- Ticket Income $65,345
Level 2 -- Attendance: 953 (95.30%) -- Ticket Income $14,295
Total Attendance: 2820 (94.00%)
Total Ticket Income: $79,640
Other Income: $3,982
Total Income: $83,622
Wolfpack
5 vs 5 Forward
Center Left Wing Right Wing Time % Phy DF OF
1 Maxime Sauvé Dave Dziurzynski Stefan Noesen 40 1 2 2
2 Henrik Samuelsson Ryan Dzingel Sebastian Collberg 30 1 2 2
3 Seth Griffith David Pope Connor Chatam 20 1 2 2
4 Kevin Roy Samuel Blais Maxime Sauvé 10 1 2 2
5 vs 5 Defense
Defense Defense Time % Phy DF OF
1 Vince Dunn Steven Santini 40 1 2 2
2 Mikhail Sergachev Ryan Culkin 30 1 2 2
3 Colton White Joshua Jacobs 20 1 2 2
4 Will Borgen Andrew Peeke 10 1 2 2
PowerPlay Forward
Center Left Wing Right Wing Time % Phy DF OF
1 Maxime Sauvé Dave Dziurzynski Stefan Noesen 60 1 2 2
2 Henrik Samuelsson Ryan Dzingel Sebastian Collberg 40 1 2 2
PowerPlay Defense
Defense Defense Time % Phy DF OF
1 Vince Dunn Steven Santini 60 1 2 2
2 Mikhail Sergachev Ryan Culkin 40 1 2 2
Penalty Kill 4 Players Forward
Center Wing Time % Phy DF OF
1 Maxime Sauvé Dave Dziurzynski 60 1 2 2
2 Stefan Noesen Henrik Samuelsson 40 1 2 2
Penalty Kill 4 Players Defense
Defense Defense Time % Phy DF OF
1 Vince Dunn Steven Santini 60 1 2 2
2 Mikhail Sergachev Ryan Culkin 40 1 2 2
Penalty Kill - 3 Players Forward
Forward Time % Phy DF OF
1 Maxime Sauvé 60 1 2 2
2 Dave Dziurzynski 40 1 2 2
Penalty Kill - 3 Players Defense
Defense Defense Time % Phy DF OF
1 Vince Dunn Steven Santini 60 1 2 2
2 Mikhail Sergachev Ryan Culkin 40 1 2 2
4 vs 4 Forward
Center Wing Time % Phy DF OF
1 Maxime Sauvé Dave Dziurzynski 60 1 2 2
2 Stefan Noesen Henrik Samuelsson 40 1 2 2
4 vs 4 Defense
Defense Defense Time % Phy DF OF
1 Vince Dunn Steven Santini 60 1 2 2
2 Mikhail Sergachev Ryan Culkin 40 1 2 2
Last Minutes Offensive
Center Left Wing Right Wing Defense Defense
Maxime Sauvé Dave Dziurzynski Stefan Noesen Vince Dunn Steven Santini
Last Minutes Defensive
Center Left Wing Right Wing Defense Defense
Maxime Sauvé Dave Dziurzynski Stefan Noesen Vince Dunn Steven Santini
Goaltenders
Starting : Mike Condon
Backup : Samuel Montembeault
Extra Forwards
Normal : Alexander Barabanov, Dryden Hunt, Adam Lowry - PP : Alexander Barabanov, Dryden Hunt - PK : Adam Lowry
Extra Defensemen
Normal : Colton White, Joshua Jacobs, Will Borgen - PP : Colton White - PK : Joshua Jacobs, Will Borgen
Penalty Shots
Maxime Sauvé, Dave Dziurzynski, Stefan Noesen, Henrik Samuelsson, Ryan Dzingel
Scratches
Derrick Pouliot (Suspend), Jacob Middleton (Healthy), Keegan Kolesar (Healthy), Mikhail Vorobyev (Healthy), Dante Fabbro (Healthy)
Jeffrey Viel (Healthy), Yegor Korshkov (Healthy), Jake Paterson (Healthy)
Monsters
5 vs 5 Forward
Center Left Wing Right Wing Time % Phy DF OF
1 Christian Hanson Matt Calvert Ondrej Kase 40 1 2 2
2 Jared Knight Austin Watson Mitch Marner 30 1 2 2
3 Ryan Fitzgerald Joakim Nordstrom Bobby Farnham 20 1 2 2
4 Maxim Mamin Marc Michaelis Richard Nejezchleb 10 1 2 2
5 vs 5 Defense
Defense Defense Time % Phy DF OF
1 Morgan Rielly Aaron Ness 40 1 2 2
2 Dillon Heatherington Matt Grzelcyk 30 1 2 2
3 Victor Mete Tarmo Reunanen 20 1 2 2
4 Morgan Rielly Aaron Ness 10 1 2 2
PowerPlay Forward
Center Left Wing Right Wing Time % Phy DF OF
1 Christian Hanson Matt Calvert Ondrej Kase 60 1 2 2
2 Jared Knight Austin Watson Mitch Marner 40 1 2 2
PowerPlay Defense
Defense Defense Time % Phy DF OF
1 Morgan Rielly Aaron Ness 60 1 2 2
2 Dillon Heatherington Matt Grzelcyk 40 1 2 2
Penalty Kill 4 Players Forward
Center Wing Time % Phy DF OF
1 Matt Calvert Christian Hanson 60 1 2 2
2 Ondrej Kase Mitch Marner 40 1 2 2
Penalty Kill 4 Players Defense
Defense Defense Time % Phy DF OF
1 Morgan Rielly Aaron Ness 60 1 2 2
2 Dillon Heatherington Matt Grzelcyk 40 1 2 2
Penalty Kill - 3 Players Forward
Forward Time % Phy DF OF
1 Matt Calvert 60 1 2 2
2 Christian Hanson 40 1 2 2
Penalty Kill - 3 Players Defense
Defense Defense Time % Phy DF OF
1 Morgan Rielly Aaron Ness 60 1 2 2
2 Dillon Heatherington Matt Grzelcyk 40 1 2 2
4 vs 4 Forward
Center Wing Time % Phy DF OF
1 Matt Calvert Christian Hanson 60 1 2 2
2 Ondrej Kase Mitch Marner 40 1 2 2
4 vs 4 Defense
Defense Defense Time % Phy DF OF
1 Morgan Rielly Aaron Ness 60 1 2 2
2 Dillon Heatherington Matt Grzelcyk 40 1 2 2
Last Minutes Offensive
Center Left Wing Right Wing Defense Defense
Christian Hanson Matt Calvert Ondrej Kase Morgan Rielly Aaron Ness
Last Minutes Defensive
Center Left Wing Right Wing Defense Defense
Christian Hanson Matt Calvert Ondrej Kase Morgan Rielly Aaron Ness
Goaltenders
Starting : Phoenix Copley
Backup : Eric Comrie
Extra Forwards
Normal : Patrik Laine, Nathan Noel, Francis Perron - PP : Patrik Laine, Nathan Noel - PK : Francis Perron
Extra Defensemen
Normal : Victor Mete, Tarmo Reunanen, Dillon Heatherington - PP : Victor Mete - PK : Tarmo Reunanen, Dillon Heatherington
Penalty Shots
Matt Calvert, Christian Hanson, Ondrej Kase, Mitch Marner, Bobby Farnham
Scratches
Dominik Simon (Healthy), Peyton Jones (Healthy)
% Time on Ice - Wolfpack
Lines # - Real PCT - Wanted PCT - Time Play
Normal Forward
1 - 33% - 40% - 15:25
2 - 31% - 30% - 14:14
3 - 27% - 20% - 12:27
4 - 9% - 10% - 4:20
Normal Defense
1 - 41% - 40% - 19:05
2 - 29% - 30% - 13:25
3 - 17% - 20% - 8:06
4 - 13% - 10% - 5:50
PP Forward
1 - 52% - 60% - 3:32
2 - 48% - 40% - 3:13
PP Defense
1 - 58% - 60% - 3:54
2 - 42% - 40% - 2:51
PK Forward
1 - 67% - 60% - 3:46
2 - 33% - 40% - 1:52
PK Defense
1 - 60% - 60% - 3:23
2 - 40% - 40% - 2:15
PK3 Forward
1 - 0% - 60%
2 - 0% - 40%
PK3 Defense
1 - 0% - 60%
2 - 0% - 40%
44 Forward
1 - 100% - 60% - 1:11
2 - 0% - 40% - 0:00
44 Defense
1 - 65% - 60% - 0:46
2 - 35% - 40% - 0:25
Last Minute Offensive - 0:00
Last Minute Defensive - 0:00
Total
Forward - 60:00
Defense - 60:00
|
% Time on Ice - Monsters
Lines # - Real PCT - Wanted PCT - Time Play
Normal Forward
1 - 34% - 40% - 15:48
2 - 28% - 30% - 12:53
3 - 21% - 20% - 9:38
4 - 17% - 10% - 8:07
Normal Defense
1 - 39% - 40% - 18:12
2 - 34% - 30% - 15:59
3 - 24% - 20% - 11:03
4 - 3% - 10% - 1:12
PP Forward
1 - 61% - 60% - 3:26
2 - 39% - 40% - 2:12
PP Defense
1 - 51% - 60% - 2:54
2 - 49% - 40% - 2:44
PK Forward
1 - 77% - 60% - 5:13
2 - 23% - 40% - 1:32
PK Defense
1 - 64% - 60% - 4:18
2 - 36% - 40% - 2:27
PK3 Forward
1 - 0% - 60%
2 - 0% - 40%
PK3 Defense
1 - 0% - 60%
2 - 0% - 40%
44 Forward
1 - 68% - 60% - 0:48
2 - 32% - 40% - 0:23
44 Defense
1 - 89% - 60% - 1:03
2 - 11% - 40% - 0:08
Last Minute Offensive - 0:00
Last Minute Defensive - 0:00
Total
Forward - 60:00
Defense - 60:00
|
Play-by-Play
1st period
0:01 of 1st period - Matt Calvert wins face-off versus Maxime Sauvé in neutral zone.
0:08 of 1st period - Snap shot by Ondrej Kase.
0:08 of 1st period - Shot Blocked by Dave Dziurzynski.
0:10 of 1st period - Snap shot by Matt Calvert.
0:10 of 1st period - Stopped by Mike Condon with a rebound.
1:24 of 1st period - Minor Penalty to Samuel Blais for Cross-checking.
1:25 of 1st period - Christian Hanson wins face-off versus Maxime Sauvé in Wolfpack zone.
1:32 of 1st period - Snap shot by Ondrej Kase.
1:32 of 1st period - Stopped by Mike Condon with a rebound.
2:38 of 1st period - Morgan Rielly is hit by Steven Santini and loses puck.
3:07 of 1st period - Icing by Austin Watson.
3:08 of 1st period - Jared Knight wins face-off versus Stefan Noesen in Monsters zone.
3:24 of 1st period - Penalty to Samuel Blais is over, Samuel Blais is back on ice.
3:40 of 1st period - Icing by David Pope.
3:41 of 1st period - Seth Griffith wins face-off versus Maxim Mamin in Wolfpack zone.
3:58 of 1st period - Wrist shot by Seth Griffith.
3:58 of 1st period - Stopped by Phoenix Copley with a rebound.
4:24 of 1st period - Snap shot by Maxime Sauvé.
4:24 of 1st period - Shot Misses the Net.
4:38 of 1st period - Snap shot by Mitch Marner.
4:38 of 1st period - Stopped by Mike Condon with a rebound.
4:52 of 1st period - Minor Penalty to Ryan Culkin for Tripping.
4:53 of 1st period - Christian Hanson wins face-off versus Maxime Sauvé in Wolfpack zone.
4:58 of 1st period - Slapshot by Ondrej Kase.
4:58 of 1st period - Shot Misses the Net.
5:00 of 1st period - Snap shot by Dillon Heatherington.
5:00 of 1st period - Shot Blocked by Steven Santini.
5:02 of 1st period - Slapshot by Matt Grzelcyk.
5:02 of 1st period - Shot Blocked by Dave Dziurzynski.
5:04 of 1st period - Slapshot by Ondrej Kase.
5:04 of 1st period - Deflect By Christian Hanson.
5:04 of 1st period - Stopped by Mike Condon with a rebound.
5:06 of 1st period - Snap shot by Christian Hanson.
5:06 of 1st period - Deflect By Dave Dziurzynski.
5:06 of 1st period - Shot Hit the Post.
5:06 of 1st period - Puck is out of play.
5:07 of 1st period - Maxime Sauvé wins face-off versus Matt Calvert in Wolfpack zone.
6:04 of 1st period - Off-side.
6:05 of 1st period - Christian Hanson wins face-off versus Stefan Noesen in neutral zone.
6:24 of 1st period - Wrist shot by Mitch Marner.
6:24 of 1st period - Deflect By Jared Knight.
6:24 of 1st period - Shot Misses the Net.
6:24 of 1st period - Puck is out of play.
6:25 of 1st period - Maxime Sauvé wins face-off versus Jared Knight in Wolfpack zone.
6:35 of 1st period - Slapshot by Maxime Sauvé.
6:35 of 1st period - Goal by Maxime Sauvé - Wolfpack : 1 - Monsters : 0.
6:36 of 1st period - Christian Hanson wins face-off versus Maxime Sauvé in neutral zone.
6:52 of 1st period - Penalty to Ryan Culkin is over, Ryan Culkin is back on ice.
6:54 of 1st period - Icing by Maxime Sauvé.
6:55 of 1st period - Maxime Sauvé wins face-off versus Jared Knight in Wolfpack zone.
7:12 of 1st period - Steven Santini is hit by Dillon Heatherington and loses puck.
7:23 of 1st period - Christian Hanson is hit by Vince Dunn and loses puck.
7:42 of 1st period - Bobby Farnham is hit by Seth Griffith and loses puck.
7:51 of 1st period - Slapshot by Morgan Rielly.
7:51 of 1st period - Stopped by Mike Condon with a rebound.
8:07 of 1st period - Wrist shot by Stefan Noesen.
8:07 of 1st period - Stopped by Phoenix Copley with a rebound.
8:33 of 1st period - Snap shot by Kevin Roy.
8:33 of 1st period - Shot Misses the Net.
8:35 of 1st period - Snap shot by Samuel Blais.
8:35 of 1st period - Stopped by Phoenix Copley without a rebound.
8:36 of 1st period - Maxim Mamin wins face-off versus Kevin Roy in Monsters zone.
9:19 of 1st period - Slapshot by Marc Michaelis.
9:19 of 1st period - Shot Blocked by Mikhail Sergachev.
9:21 of 1st period - Wrist shot by Marc Michaelis.
9:21 of 1st period - Shot Misses the Net.
9:23 of 1st period - Slapshot by Victor Mete.
9:23 of 1st period - Deflect By Maxim Mamin.
9:23 of 1st period - Stopped by Mike Condon with a rebound.
9:33 of 1st period - Snap shot by Marc Michaelis.
9:33 of 1st period - Stopped by Mike Condon without a rebound.
9:34 of 1st period - Christian Hanson wins face-off versus Henrik Samuelsson in Wolfpack zone.
9:42 of 1st period - Icing by Vince Dunn.
9:43 of 1st period - Henrik Samuelsson wins face-off versus Christian Hanson in Wolfpack zone.
9:43 of 1st period - Henrik Samuelsson is hit by Christian Hanson.
10:03 of 1st period - Snap shot by Henrik Samuelsson.
10:03 of 1st period - Stopped by Phoenix Copley without a rebound.
10:04 of 1st period - Jared Knight wins face-off versus Seth Griffith in Monsters zone.
10:11 of 1st period - David Pope is hit by Austin Watson and loses puck.
10:18 of 1st period - Wrist shot by Will Borgen.
10:18 of 1st period - Stopped by Phoenix Copley without a rebound.
10:19 of 1st period - Christian Hanson wins face-off versus Maxime Sauvé in Monsters zone.
10:24 of 1st period - Vince Dunn is hit by Morgan Rielly.
10:53 of 1st period - Snap shot by Vince Dunn.
10:53 of 1st period - Shot Misses the Net.
11:09 of 1st period - Wrist shot by Henrik Samuelsson.
11:09 of 1st period - Stopped by Phoenix Copley without a rebound.
11:10 of 1st period - Seth Griffith wins face-off versus Jared Knight in Monsters zone.
11:23 of 1st period - Snap shot by Seth Griffith.
11:23 of 1st period - Goal by Seth Griffith - Wolfpack : 2 - Monsters : 0.
11:24 of 1st period - Maxime Sauvé wins face-off versus Christian Hanson in neutral zone.
11:47 of 1st period - Matt Grzelcyk is hit by Maxime Sauvé and loses puck.
11:55 of 1st period - Off-side.
11:56 of 1st period - Henrik Samuelsson wins face-off versus Austin Watson in neutral zone.
12:37 of 1st period - Minor Penalty to Connor Chatam for Holding.
12:38 of 1st period - Christian Hanson wins face-off versus Maxime Sauvé in Wolfpack zone.
12:42 of 1st period - Snap shot by Christian Hanson.
12:42 of 1st period - Shot Misses the Net.
12:44 of 1st period - Slapshot by Matt Grzelcyk.
12:44 of 1st period - Shot Misses the Net.
12:48 of 1st period - Wrist shot by Christian Hanson.
12:48 of 1st period - Shot Misses the Net.
12:50 of 1st period - Slapshot by Matt Grzelcyk.
12:50 of 1st period - Shot Blocked by Maxime Sauvé.
12:52 of 1st period - Snap shot by Dillon Heatherington.
12:52 of 1st period - Stopped by Mike Condon without a rebound.
12:53 of 1st period - Maxime Sauvé wins face-off versus Christian Hanson in Wolfpack zone.
13:21 of 1st period - Maxime Sauvé is hit by Matt Calvert and loses puck.
13:26 of 1st period - Snap shot by Matt Calvert.
13:26 of 1st period - Goal by Matt Calvert - Wolfpack : 2 - Monsters : 1.
13:27 of 1st period - Jared Knight wins face-off versus Maxime Sauvé in neutral zone.
13:54 of 1st period - Dillon Heatherington is hit by Steven Santini and loses puck.
14:19 of 1st period - Morgan Rielly is hit by Henrik Samuelsson.
14:27 of 1st period - Wrist shot by Bobby Farnham.
14:27 of 1st period - Shot Misses the Net.
15:05 of 1st period - Snap shot by David Pope.
15:05 of 1st period - Deflect By Jared Knight.
15:05 of 1st period - Stopped by Phoenix Copley with a rebound.
15:07 of 1st period - Wrist shot by Joshua Jacobs.
15:07 of 1st period - Deflect By Aaron Ness.
15:07 of 1st period - Stopped by Phoenix Copley with a rebound.
15:22 of 1st period - Matt Calvert is hit by Sebastian Collberg and loses puck.
15:55 of 1st period - Dillon Heatherington is hit by Connor Chatam and loses puck.
16:02 of 1st period - Snap shot by David Pope.
16:02 of 1st period - Shot Misses the Net.
16:30 of 1st period - Steven Santini is hit by Mitch Marner and loses puck.
16:51 of 1st period - Wrist shot by Christian Hanson.
16:51 of 1st period - Shot Misses the Net.
17:01 of 1st period - Wrist shot by Stefan Noesen.
17:01 of 1st period - Goal by Stefan Noesen - Wolfpack : 3 - Monsters : 1.
17:02 of 1st period - Christian Hanson wins face-off versus Henrik Samuelsson in neutral zone.
17:07 of 1st period - Wrist shot by Christian Hanson.
17:07 of 1st period - Stopped by Mike Condon without a rebound.
17:08 of 1st period - Henrik Samuelsson wins face-off versus Christian Hanson in Wolfpack zone.
17:13 of 1st period - Snap shot by Ondrej Kase.
17:13 of 1st period - Goal by Ondrej Kase - Wolfpack : 3 - Monsters : 2.
17:14 of 1st period - Christian Hanson wins face-off versus Maxime Sauvé in neutral zone.
17:17 of 1st period - Slapshot by Morgan Rielly.
17:17 of 1st period - Deflect By Vince Dunn.
17:17 of 1st period - Stopped by Mike Condon with a rebound.
17:39 of 1st period - Sebastian Collberg is hit by Mitch Marner.
17:45 of 1st period - Slapshot by Ryan Dzingel.
17:45 of 1st period - Shot Misses the Net.
17:47 of 1st period - Backhand shot by Sebastian Collberg.
17:47 of 1st period - Shot Misses the Net.
17:49 of 1st period - Slapshot by Henrik Samuelsson.
17:49 of 1st period - Shot Blocked by Morgan Rielly.
18:42 of 1st period - Snap shot by Henrik Samuelsson.
18:42 of 1st period - Stopped by Phoenix Copley with a rebound.
18:48 of 1st period - Henrik Samuelsson is hit by Matt Calvert and loses puck.
19:01 of 1st period - Jared Knight is hit by Maxime Sauvé and loses puck.
19:20 of 1st period - Seth Griffith is hit by Dillon Heatherington and loses puck.
19:37 of 1st period - Snap shot by Joakim Nordstrom.
19:37 of 1st period - Shot Blocked by Maxime Sauvé.
Goals for this period are 3 for Wolfpack vs 2 for Monsters.
Shots for this period are 12 for Wolfpack vs 12 for Monsters.
2nd period
0:01 of 2nd period - Maxime Sauvé wins face-off versus Christian Hanson in neutral zone.
0:04 of 2nd period - Snap shot by Maxime Sauvé.
0:04 of 2nd period - Goal by Maxime Sauvé - Wolfpack : 4 - Monsters : 2.
0:04 of 2nd period - Eric Comrie enters game.
0:05 of 2nd period - Maxime Sauvé wins face-off versus Ondrej Kase in neutral zone.
0:07 of 2nd period - Off-side.
0:08 of 2nd period - Maxime Sauvé wins face-off versus Christian Hanson in neutral zone.
0:14 of 2nd period - Off-side.
0:15 of 2nd period - Christian Hanson wins face-off versus Maxime Sauvé in neutral zone.
0:26 of 2nd period - Snap shot by Stefan Noesen.
0:26 of 2nd period - Shot Misses the Net.
1:12 of 2nd period - Wrist shot by Christian Hanson.
1:12 of 2nd period - Stopped by Mike Condon without a rebound.
1:13 of 2nd period - Jared Knight wins face-off versus Henrik Samuelsson in Wolfpack zone.
1:22 of 2nd period - Snap shot by Mitch Marner.
1:22 of 2nd period - Stopped by Mike Condon with a rebound.
1:38 of 2nd period - David Pope is hit by Bobby Farnham and loses puck.
1:49 of 2nd period - Off-side.
1:50 of 2nd period - Jared Knight wins face-off versus Henrik Samuelsson in neutral zone.
2:08 of 2nd period - Minor Penalty to Matt Grzelcyk for Roughing.
2:09 of 2nd period - Maxime Sauvé wins face-off versus Christian Hanson in Monsters zone.
2:17 of 2nd period - Wrist shot by Maxime Sauvé.
2:17 of 2nd period - Deflect By Matt Calvert.
2:17 of 2nd period - Stopped by Eric Comrie with a rebound.
3:57 of 2nd period - Dave Dziurzynski is hit by Morgan Rielly.
4:08 of 2nd period - Penalty to Matt Grzelcyk is over, Matt Grzelcyk is back on ice.
4:19 of 2nd period - Steven Santini is hit by Dillon Heatherington and loses puck.
4:30 of 2nd period - Slapshot by Marc Michaelis.
4:30 of 2nd period - Shot Misses the Net.
5:23 of 2nd period - Off-side.
5:24 of 2nd period - Christian Hanson wins face-off versus Seth Griffith in neutral zone.
5:27 of 2nd period - Mikhail Sergachev is hit by Aaron Ness and loses puck.
5:50 of 2nd period - Jared Knight is hit by Henrik Samuelsson and loses puck.
5:55 of 2nd period - Snap shot by Henrik Samuelsson.
5:55 of 2nd period - Shot Blocked by Morgan Rielly.
6:17 of 2nd period - Snap shot by Maxime Sauvé.
6:17 of 2nd period - Shot Misses the Net.
6:19 of 2nd period - Wrist shot by Andrew Peeke.
6:19 of 2nd period - Deflect By Stefan Noesen.
6:19 of 2nd period - Shot Misses the Net.
6:19 of 2nd period - Puck is out of play.
6:20 of 2nd period - Connor Chatam wins face-off versus Christian Hanson in Monsters zone.
6:25 of 2nd period - Wrist shot by David Pope.
6:25 of 2nd period - Stopped by Eric Comrie without a rebound.
6:26 of 2nd period - Seth Griffith wins face-off versus Christian Hanson in Monsters zone.
6:50 of 2nd period - Off-side.
6:51 of 2nd period - Mitch Marner wins face-off versus Maxime Sauvé in neutral zone.
6:53 of 2nd period - Off-side.
6:54 of 2nd period - Maxime Sauvé wins face-off versus Mitch Marner in neutral zone.
7:15 of 2nd period - Snap shot by Jared Knight.
7:15 of 2nd period - Stopped by Mike Condon with a rebound.
7:39 of 2nd period - Snap shot by Mitch Marner.
7:39 of 2nd period - Stopped by Mike Condon without a rebound.
7:40 of 2nd period - Henrik Samuelsson wins face-off versus Christian Hanson in Wolfpack zone.
7:40 of 2nd period - Henrik Samuelsson is hit by Christian Hanson.
7:46 of 2nd period - Slapshot by Ryan Culkin.
7:46 of 2nd period - Shot Blocked by Matt Grzelcyk.
7:48 of 2nd period - Slapshot by Sebastian Collberg.
7:48 of 2nd period - Shot Misses the Net.
7:50 of 2nd period - Slapshot by Ryan Dzingel.
7:50 of 2nd period - Goal by Ryan Dzingel - Wolfpack : 5 - Monsters : 2.
7:51 of 2nd period - Maxime Sauvé wins face-off versus Matt Calvert in neutral zone.
7:58 of 2nd period - Stefan Noesen is hit by Matt Calvert.
8:46 of 2nd period - Wrist shot by Ryan Fitzgerald.
8:46 of 2nd period - Stopped by Mike Condon with a rebound.
9:06 of 2nd period - Wrist shot by Stefan Noesen.
9:06 of 2nd period - Stopped by Eric Comrie with a rebound.
9:50 of 2nd period - Off-side.
9:51 of 2nd period - Christian Hanson wins face-off versus Seth Griffith in neutral zone.
10:20 of 2nd period - Snap shot by Jared Knight.
10:20 of 2nd period - Shot Blocked by Joshua Jacobs.
10:52 of 2nd period - Minor Penalty to Bobby Farnham for Hooking.
10:53 of 2nd period - Matt Calvert wins face-off versus Maxime Sauvé in Monsters zone.
11:04 of 2nd period - Slapshot by Maxime Sauvé.
11:04 of 2nd period - Stopped by Eric Comrie without a rebound.
11:05 of 2nd period - Matt Calvert wins face-off versus Maxime Sauvé in Monsters zone.
11:05 of 2nd period - Matt Calvert is hit by Steven Santini.
11:53 of 2nd period - Ondrej Kase is hit by Ryan Dzingel.
12:52 of 2nd period - Penalty to Bobby Farnham is over, Bobby Farnham is back on ice.
13:02 of 2nd period - Slapshot by Victor Mete.
13:02 of 2nd period - Shot Misses the Net.
13:04 of 2nd period - Slapshot by Tarmo Reunanen.
13:04 of 2nd period - Deflect By Richard Nejezchleb.
13:04 of 2nd period - Goal by Richard Nejezchleb - Wolfpack : 5 - Monsters : 3.
13:05 of 2nd period - Christian Hanson wins face-off versus Maxime Sauvé in neutral zone.
13:08 of 2nd period - Dave Dziurzynski is hit by Ondrej Kase and loses puck.
13:54 of 2nd period - Mikhail Sergachev is hit by Joakim Nordstrom and loses puck.
14:01 of 2nd period - Wrist shot by Bobby Farnham.
14:01 of 2nd period - Shot Blocked by Mikhail Sergachev.
14:39 of 2nd period - Snap shot by Maxim Mamin.
14:39 of 2nd period - Shot Misses the Net.
14:41 of 2nd period - Slapshot by Marc Michaelis.
14:41 of 2nd period - Shot Misses the Net.
14:43 of 2nd period - Wrist shot by Maxim Mamin.
14:43 of 2nd period - Shot Misses the Net.
15:02 of 2nd period - Snap shot by Jared Knight.
15:02 of 2nd period - Shot Blocked by Will Borgen.
15:16 of 2nd period - David Pope is hit by Joakim Nordstrom and loses puck.
15:23 of 2nd period - Bobby Farnham is hit by Vince Dunn and loses puck.
16:32 of 2nd period - David Pope is hit by Matt Calvert and loses puck.
16:39 of 2nd period - Victor Mete is hit by David Pope and loses puck.
17:14 of 2nd period - Slapshot by Stefan Noesen.
17:14 of 2nd period - Shot Misses the Net.
17:16 of 2nd period - Slapshot by Ryan Culkin.
17:16 of 2nd period - Stopped by Eric Comrie with a rebound.
17:18 of 2nd period - Slapshot by Mikhail Sergachev.
17:18 of 2nd period - Stopped by Eric Comrie without a rebound.
17:19 of 2nd period - Henrik Samuelsson wins face-off versus Christian Hanson in Monsters zone.
17:28 of 2nd period - Wrist shot by Sebastian Collberg.
17:28 of 2nd period - Shot Misses the Net.
17:30 of 2nd period - Slapshot by Henrik Samuelsson.
17:30 of 2nd period - Shot Blocked by Matt Calvert.
19:10 of 2nd period - Minor Penalty to Matt Grzelcyk for Roughing.
19:11 of 2nd period - Maxime Sauvé wins face-off versus Matt Calvert in Monsters zone.
19:13 of 2nd period - Snap shot by Maxime Sauvé.
19:13 of 2nd period - Shot Misses the Net.
19:15 of 2nd period - Backhand shot by Vince Dunn.
19:15 of 2nd period - Shot Misses the Net.
19:17 of 2nd period - Wrist shot by Maxime Sauvé.
19:17 of 2nd period - Shot Misses the Net.
19:45 of 2nd period - Slapshot by Henrik Samuelsson.
19:45 of 2nd period - Stopped by Eric Comrie without a rebound.
19:46 of 2nd period - Ondrej Kase wins face-off versus Henrik Samuelsson in Monsters zone.
Goals for this period are 2 for Wolfpack vs 1 for Monsters.
Shots for this period are 9 for Wolfpack vs 6 for Monsters.
3rd period
0:01 of 3rd period - Matt Calvert wins face-off versus Maxime Sauvé in neutral zone.
0:04 of 3rd period - Slapshot by Morgan Rielly.
0:04 of 3rd period - Shot Misses the Net.
0:28 of 3rd period - Slapshot by Steven Santini.
0:28 of 3rd period - Shot Blocked by Mitch Marner.
0:30 of 3rd period - Slapshot by Vince Dunn.
0:30 of 3rd period - Stopped by Eric Comrie without a rebound.
0:31 of 3rd period - Ondrej Kase wins face-off versus Henrik Samuelsson in Monsters zone.
1:10 of 3rd period - Penalty to Matt Grzelcyk is over, Matt Grzelcyk is back on ice.
1:15 of 3rd period - Snap shot by Henrik Samuelsson.
1:15 of 3rd period - Stopped by Eric Comrie without a rebound.
1:16 of 3rd period - Jared Knight wins face-off versus Maxime Sauvé in Monsters zone.
1:21 of 3rd period - Dave Dziurzynski is hit by Jared Knight and loses puck.
1:30 of 3rd period - Wrist shot by Austin Watson.
1:30 of 3rd period - Shot Misses the Net.
1:32 of 3rd period - Backhand shot by Aaron Ness.
1:32 of 3rd period - Shot Blocked by Maxime Sauvé.
2:54 of 3rd period - Wrist shot by Matt Calvert.
2:54 of 3rd period - Shot Blocked by Mikhail Sergachev.
2:56 of 3rd period - Snap shot by Matt Calvert.
2:56 of 3rd period - Goal by Matt Calvert - Wolfpack : 5 - Monsters : 4.
2:57 of 3rd period - Ondrej Kase wins face-off versus Dave Dziurzynski in neutral zone.
3:00 of 3rd period - Snap shot by Morgan Rielly.
3:00 of 3rd period - Deflect By Christian Hanson.
3:00 of 3rd period - Stopped by Mike Condon without a rebound.
3:01 of 3rd period - Christian Hanson wins face-off versus Maxime Sauvé in Wolfpack zone.
3:38 of 3rd period - Snap shot by Mitch Marner.
3:38 of 3rd period - Deflect By Jared Knight.
3:38 of 3rd period - Stopped by Mike Condon with a rebound.
3:52 of 3rd period - Joshua Jacobs is hit by Ryan Fitzgerald and loses puck.
4:27 of 3rd period - Matt Grzelcyk is hit by Sebastian Collberg and loses puck.
5:08 of 3rd period - Snap shot by Seth Griffith.
5:08 of 3rd period - Stopped by Eric Comrie with a rebound.
5:47 of 3rd period - Minor Penalty to Kevin Roy for Tripping.
5:48 of 3rd period - Christian Hanson wins face-off versus Maxime Sauvé in Wolfpack zone.
5:50 of 3rd period - Snap shot by Christian Hanson.
5:50 of 3rd period - Goal by Christian Hanson - Wolfpack : 5 - Monsters : 5.
5:51 of 3rd period - Christian Hanson wins face-off versus Maxime Sauvé in neutral zone.
6:07 of 3rd period - Slapshot by Maxime Sauvé.
6:07 of 3rd period - Deflect By Dave Dziurzynski.
6:07 of 3rd period - Goal by Dave Dziurzynski - Wolfpack : 6 - Monsters : 5.
6:08 of 3rd period - Maxime Sauvé wins face-off versus Christian Hanson in neutral zone.
6:33 of 3rd period - Aaron Ness is hit by Ryan Dzingel and loses puck.
6:40 of 3rd period - Slapshot by Morgan Rielly.
6:40 of 3rd period - Shot Misses the Net.
7:06 of 3rd period - Slapshot by David Pope.
7:06 of 3rd period - Stopped by Eric Comrie without a rebound.
7:07 of 3rd period - Stefan Noesen wins face-off versus Christian Hanson in Monsters zone.
7:08 of 3rd period - Snap shot by Maxime Sauvé.
7:08 of 3rd period - Stopped by Eric Comrie with a rebound.
7:10 of 3rd period - Snap shot by Maxime Sauvé.
7:10 of 3rd period - Shot Misses the Net.
7:12 of 3rd period - Slapshot by Ryan Culkin.
7:12 of 3rd period - Deflect By Stefan Noesen.
7:12 of 3rd period - Stopped by Eric Comrie with a rebound.
7:14 of 3rd period - Slapshot by Mikhail Sergachev.
7:14 of 3rd period - Stopped by Eric Comrie without a rebound.
7:15 of 3rd period - Christian Hanson wins face-off versus Maxime Sauvé in Monsters zone.
7:22 of 3rd period - Slapshot by Ryan Culkin.
7:22 of 3rd period - Stopped by Eric Comrie without a rebound.
7:23 of 3rd period - Ondrej Kase wins face-off versus Maxime Sauvé in Monsters zone.
8:13 of 3rd period - Icing by Mitch Marner.
8:14 of 3rd period - Sebastian Collberg wins face-off versus Jared Knight in Monsters zone.
8:49 of 3rd period - Snap shot by Stefan Noesen.
8:49 of 3rd period - Stopped by Eric Comrie with a rebound.
8:55 of 3rd period - Minor Penalty to Joakim Nordstrom for Tripping.
8:56 of 3rd period - Matt Calvert wins face-off versus Maxime Sauvé in Monsters zone.
9:21 of 3rd period - Christian Hanson is hit by Vince Dunn and loses puck.
9:43 of 3rd period - Minor Penalty to Ryan Culkin for Holding.
9:44 of 3rd period - Matt Calvert wins face-off versus Maxime Sauvé in Wolfpack zone.
9:48 of 3rd period - Wrist shot by Christian Hanson.
9:48 of 3rd period - Stopped by Mike Condon with a rebound.
9:50 of 3rd period - Slapshot by Aaron Ness.
9:50 of 3rd period - Shot Misses the Net.
10:28 of 3rd period - Snap shot by Ondrej Kase.
10:28 of 3rd period - Shot Misses the Net.
10:36 of 3rd period - Mitch Marner is hit by Colton White and loses puck.
10:55 of 3rd period - Penalty to Joakim Nordstrom is over, Joakim Nordstrom is back on ice.
11:43 of 3rd period - Penalty to Ryan Culkin is over, Ryan Culkin is back on ice.
12:16 of 3rd period - Ryan Dzingel is hit by Marc Michaelis and loses puck.
12:52 of 3rd period - Off-side.
12:53 of 3rd period - Seth Griffith wins face-off versus Ryan Fitzgerald in neutral zone.
13:43 of 3rd period - Wrist shot by Christian Hanson.
13:43 of 3rd period - Stopped by Mike Condon with a rebound.
13:45 of 3rd period - Slapshot by Dillon Heatherington.
13:45 of 3rd period - Deflect By Matt Calvert.
13:45 of 3rd period - Shot Blocked by Dave Dziurzynski.
13:45 of 3rd period - Puck is out of play.
13:46 of 3rd period - Sebastian Collberg wins face-off versus Christian Hanson in Wolfpack zone.
13:57 of 3rd period - Slapshot by Henrik Samuelsson.
13:57 of 3rd period - Goal by Henrik Samuelsson - Wolfpack : 7 - Monsters : 5.
13:58 of 3rd period - Maxime Sauvé wins face-off versus Christian Hanson in neutral zone.
14:01 of 3rd period - Matt Calvert is hit by Vince Dunn and loses puck.
14:24 of 3rd period - Mitch Marner is hit by Ryan Dzingel and loses puck.
14:45 of 3rd period - Off-side.
14:46 of 3rd period - Seth Griffith wins face-off versus Ryan Fitzgerald in neutral zone.
15:11 of 3rd period - Snap shot by Mitch Marner.
15:11 of 3rd period - Stopped by Mike Condon with a rebound.
15:13 of 3rd period - Wrist shot by Mitch Marner.
15:13 of 3rd period - Deflect By Jared Knight.
15:13 of 3rd period - Shot Blocked by Connor Chatam.
15:13 of 3rd period - Puck is out of play.
15:14 of 3rd period - Jared Knight wins face-off versus Maxime Sauvé in Wolfpack zone.
15:29 of 3rd period - Snap shot by Stefan Noesen.
15:29 of 3rd period - Stopped by Eric Comrie with a rebound.
15:45 of 3rd period - Slapshot by Steven Santini.
15:45 of 3rd period - Shot Misses the Net.
16:05 of 3rd period - Christian Hanson is hit by Vince Dunn and loses puck.
16:22 of 3rd period - Mikhail Sergachev is hit by Austin Watson and loses puck.
16:37 of 3rd period - Maxim Mamin is hit by Mikhail Sergachev and loses puck.
18:43 of 3rd period - Wrist shot by Matt Calvert.
18:43 of 3rd period - Shot Blocked by Steven Santini.
18:45 of 3rd period - Wrist shot by Christian Hanson.
18:45 of 3rd period - Stopped by Mike Condon with a rebound.
18:47 of 3rd period - Slapshot by Morgan Rielly.
18:47 of 3rd period - Stopped by Mike Condon with a rebound.
18:53 of 3rd period - Snap shot by Matt Calvert.
18:53 of 3rd period - Stopped by Mike Condon with a rebound.
19:17 of 3rd period - Maxime Sauvé is hit by Christian Hanson.
19:42 of 3rd period - Stefan Noesen is hit by Matt Grzelcyk and loses puck.
Goals for this period are 2 for Wolfpack vs 2 for Monsters.
Shots for this period are 12 for Wolfpack vs 10 for Monsters.
Output by the SimonT Hockey Simulator (STHS) for Francois Prevost